 Dungeon Crawl Stone Soup version 0.32-a0-656-g3542139ebd (webtiles) character file.

Game seed: 7992565588514967123

1249 Fodor the Cleaver (level 8, -2/69 HPs)
             Began as a Minotaur Fighter on Mar 8, 2024.
             Slain by a water moccasin (3 damage)
             ... on level 5 of the Dungeon.
             The game lasted 00:14:24 (4252 turns).

Fodor the Cleaver (Minotaur Fighter)                Turns: 4252, Time: 00:14:25

Health: -2/69      AC: 17    Str: 23    XL:     8   Next: 26%
Magic:  7/7        EV:  4    Int:  5    God:
Gold:   237        SH:  5    Dex: 10    Spells: 7/7 levels left

rFire   . . .        a - +0 war axe
rCold   . . .        c - +0 buckler
rNeg    . . .        m - +0 crystal plate armour
rPois   .            n - melded +0 hat {Stlth+}
rElec   .            (cloak currently unavailable)
rCorr   .            (gloves currently unavailable)
SInv    .            (boots currently unavailable)
Will    .....        (no amulet) Stlth
                     (no ring)
HPRegen 0.31/turn    (no ring)
MPRegen 0.10/turn

%: no passive effects
@: lethally poisoned (-2 -> -8), beast-form, attractive
A: beast (slay +0), horns 2, retaliatory headbutt
a: Begin Untransformation


You were on level 5 of the Dungeon.
You were a hulking beast.
You visited 1 branch of the dungeon, and saw 6 of its levels.

You collected 237 gold pieces.

Inventory:

Hand Weapons
 a - a +0 war axe (weapon)
 w - a +0 orcbow
Missiles
 q - 9 boomerangs (quivered)
Armour
 c - a +0 buckler (worn)
 m - a +0 crystal plate armour (worn)
 n - a +0 hat of stealth (melded)
Jewellery
 t - an amulet of regeneration
Talismans
 u - a beast talisman (active)
Wands
 b - a wand of polymorph (6)
 r - a wand of charming (15)
Scrolls
 e - 4 scrolls of identify {unknown}
 i - 4 scrolls of teleportation {unknown}
 k - 2 scrolls of fog {unknown}
 l - a scroll of fear {unknown}
 p - a scroll of poison {unknown}
 v - a scroll of noise {unknown}
Potions
 d - 3 potions of might
 g - a potion of heal wounds {unknown}
 h - a potion of haste {unknown}
 j - a potion of brilliance {unknown}
 o - 5 potions of curing {unknown}
 s - 2 potions of cancellation {unknown}
 x - 2 potions of degeneration {unknown}


   Skills:
 + Level 5.4 Fighting
 + Level 8.3 Axes
 + Level 1.7 Throwing
 + Level 6.2 Armour
 + Level 1.0 Dodging
 + Level 5.5 Shields
 + Level 1.7 Shapeshifting


You had 7 spell levels left.
You didn't know any spells.
Your spell library contained the following spells:

 Spells                   Type           Power      Damage    Failure   Level
 Apportation              Tloc           0%         N/A       100%        1
 Magic Dart               Conj           0%         1d3       100%        1
 Necrotise                Necr           0%         1d4       100%        1
 Sting                    Conj/Alch      0%         1d3       100%        1
 Summon Small Mammal      Summ           0%         N/A       100%        1
 Mercury Vapours          Alch/Air       0%         N/A       100%        2
 Searing Ray              Conj           0%         2d4       100%        2
 Vampiric Draining        Necr           0%         2d6       100%        3
 Fulminant Prism          Conj/Alch      0%         3d5       100%        4
 Martyr's Knell           Necr/Summ      0%         N/A       100%        4
 Olgreb's Toxic Radiance  Alch           0%         N/A       100%        4
 Summon Blazeheart Golem  Fire/Summ      0%         N/A       100%        4
 Curse of Agony           Necr           0%         N/A       100%        5
 Orb of Destruction       Conj           0%         9d5       100%        7
 Spellforged Servitor     Conj/Summ      0%         N/A       100%        7


Dungeon Overview and Level Annotations

Branches:
Dungeon (6/15)
 Temple: D:4-7

Altars:
The Shining One

Shops:
D:1 :?*:


Innate Abilities, Weirdness & Mutations

You are a hulking beast.
Your limbs bulge with bestial killing power. (Slay +0)
You have a pair of horns on your head.
You reflexively headbutt those who attack you in melee.


Message History

You are more poisoned.
The water moccasin poisons you!
You closely miss the water moccasin.
The water moccasin is severely wounded.
You feel very sick.
The water moccasin bites you but does no damage.
The water moccasin completely misses you.
You furiously retaliate!
You headbutt the water moccasin. You closely miss the water moccasin.
The water moccasin is severely wounded.
You feel very sick.
The water moccasin bites you but does no damage. x2
You closely miss the water moccasin.
The water moccasin is severely wounded.
You feel very sick. You block the water moccasin's attack.
You barely miss the water moccasin.
The water moccasin is severely wounded.
You feel very sick. The water moccasin bites you.
* * * LOW HITPOINT WARNING * * *
You are lethally poisoned!
The water moccasin poisons you!
The water moccasin bites you but does no damage.
* * * LOW HITPOINT WARNING * * *
You feel very sick.
There is a stone staircase leading up here.
* * * LOW HITPOINT WARNING * * *
You feel very sick.
The water moccasin bites you but does no damage.
You climb upwards.
* * * LOW HITPOINT WARNING * * *
You feel very sick.
There is a stone staircase leading down here.
It was a potion of attraction.
You feel attractive to monsters.
* * * LOW HITPOINT WARNING * * *
You feel very sick. The water moccasin bites you.
You die...

..######..##.##..##
#'######'###.##..##
.....#.....#......#
.....#.....#......#
.....#.....+....÷.#
.############...#################
.##.####..###...###...........#..
............#.......÷.........#..
.....>......#...h.....#.......'..
.........)..#..S......#.......#..
#####.####.##.#########.......###
#####.#######.## ##....#####
....#....#.....# #....#....
....#....'.....# #....'....
....#....#.....# #....#....
#..############# #####....#.###
#..##...###..#######......###.###


You could see a water moccasin.

Vanquished Creatures
  A water moccasin (D:6)
  A centaur (D:5)
  A phantom (D:5)
  4 scorpions
  A howler monkey (D:4)
  2 bombardier beetles
  3 hounds
  5 orc priests
  2 iguanas (D:5)
  4 orc wizards
  3 sleepcaps
  Ijyb (D:4)
  Robin (D:4)
  4 adders
  A dart slug (D:1)
  2 ribbon worms (D:2)
  19 orcs
  6 endoplasms
  4 giant cockroaches
  5 goblins
  10 hobgoblins
  6 quokkas
  10 ball pythons
  5 bats
  A frilled lizard (D:2)
  9 kobolds
  5 rats
116 creatures vanquished.

Notes
Turn   | Place    | Note
-------+----------+-------------------------------------------
     0 | D:1      | Fodor the Minotaur Fighter began the quest for the Orb.
     0 | D:1      | Reached XP level 1. HP: 19/19 MP: 0/0
   137 | D:1      | Found Miseavedd's Assorted Antiques.
   197 | D:1      | Reached XP level 2. HP: 25/27 MP: 1/1
   237 | D:1      | Found Hiannego's Book Boutique.
   268 | D:1      | Found Romia's Magic Scroll Emporium.
   481 | D:1      | Found Leisiat's Book Shoppe.
   650 | D:2      | Reached skill level 3 in Axes
   703 | D:2      | Reached XP level 3. HP: 33/33 MP: 2/2
  1089 | D:2      | Reached skill level 1 in Dodging
  1261 | D:3      | Reached XP level 4. HP: 40/40 MP: 3/3
  1788 | D:3      | Found a faded altar of an unknown god.
  1996 | D:4      | Noticed a scorpion
  2000 | D:4      | Reached skill level 4 in Axes
  2005 | D:4      | Killed a scorpion
  2006 | D:4      | Reached XP level 5. HP: 24/46 MP: 4/4
  2279 | D:4      | Reached skill level 5 in Axes
  2344 | D:4      | Reached XP level 6. HP: 48/53 MP: 5/5
  2535 | D:4      | Reached skill level 5 in Armour
  2620 | D:4      | Reached skill level 6 in Axes
  2632 | D:4      | Noticed Ijyb
  2634 | D:4      | Noticed Robin
  2650 | D:4      | Killed Ijyb
  2654 | D:4      | Killed Robin
  2728 | D:4      | Reached skill level 5 in Shields
  2963 | D:5      | Entered Level 5 of the Dungeon
  3001 | D:5      | Reached XP level 7. HP: 53/60 MP: 6/6
  3070 | D:5      | Reached skill level 1 in Throwing
  3162 | D:5      | Reached skill level 7 in Axes
  3289 | D:5      | Reached skill level 5 in Fighting
  3360 | D:5      | Reached skill level 1 in Shapeshifting
  3668 | D:5      | Reached XP level 8. HP: 45/68 MP: 7/7
  3954 | D:5      | Reached skill level 8 in Axes
  4002 | D:5      | Found a glowing golden altar of the Shining One.
  4252 | D:5      | HP: 1/69 [poisoned by a water moccasin]
  4252 | D:5      | Slain by a water moccasin

Illustrated notes

Levels and vault maps discovered:
D:1:      onia_arrival_pentagram, layout_basic, serial_shops, shop,
          nicolae_shop_tiny_statue_garden, shop, nicolae_shop_hallway_plus
D:2:      layout_rooms, grunt_ministairs_1
D:3:      layout_loops_ring, hellmonk_ecumenical_altar_slurped_away,
          nicolae_hexahallways
D:4:      layout_loops_ring, nicolae_goblin_pals
D:5:      layout_gridville, overflow_temple_1_default
D:6:      kennysheep_kobold_camp, layout_rooms,
          minmay_temple_entry_glassed_door, dk_noncrumbling_3,
          chequers_serial_rivers_marsh, serial_bayou_pond_b, st_stairs_12,
          uniq_duvessa, uniq_pikel

Skill      XL: |  1  2  3  4  5  6  7  8 |
---------------+-------------------------+-----
Shields        | 4 5 |  5.5
Armour         | 4 5 6 |  6.2
Axes           | 3 4 5 6 7 8 |  8.3
Dodging        | 1 |  1.0
Fighting       | 4 5 |  5.4
Throwing       | 1 |  1.7
Shapeshifting  | 1 |  1.7

Action                     |  1- 3 |  4- 6 |  7- 9 || total
---------------------------+-------+-------+-------++-------
  Melee: War axe           |    87 |   121 |    98 ||   306
         Headbutt          |    13 |    16 |     9 ||    38
  Throw: Boomerang         |       |    10 |    13 ||    23
    Use: Potion            |       |       |     1 ||     1
 Armour: Scale mail        |    29 |       |       ||    29
         Crystal plate arm |    53 |   138 |   159 ||   350
  Dodge: Dodged            |    38 |    17 |    13 ||    68
  Block: Buckler           |    26 |    25 |    25 ||    76
   Form: Beast             |       |     1 |       ||     1

Table legend: (Time is in decaauts)
 A = Elapsed time spent in this place.
 B = Non-inter-level travel time spent in this place.
 C = Inter-level travel time spent in this place.
 D = Time resting spent in this place.
 E = Time spent auto-exploring this place.
 F = Levels seen in this place.
 G = Mean time per level.
                   A        B        C        D        E       F      G
               +--------+--------+--------+--------+--------+-----+--------+
         Total |   4340 |   4258 |     82 |    183 |   2955 |   6 |  723.3 |
       Dungeon |   4340 |   4258 |     82 |    183 |   2955 |   6 |  723.3 |
               +--------+--------+--------+--------+--------+-----+--------+

Top non-repeatable levels by time:
     D:5: 1283 daAuts
     D:4: 994 daAuts
     D:3: 812 daAuts
     D:1: 648 daAuts
     D:2: 573 daAuts
     D:6: 28 daAuts
